 Dungeon Crawl Stone Soup version 0.25.0-26-g0c896c7088 (webtiles) character file.

Game seed: 13985583062317862071

646 Dirian the Chopper (level 7, -4/61 HPs)
             Began as a Minotaur Fighter on July 1, 2020.
             Slain by a sky beast (5 damage)
             ... on level 5 of the Dungeon.
             The game lasted 00:05:09 (4449 turns).

Dirian the Chopper (Minotaur Fighter)               Turns: 4449, Time: 00:05:09

Health: -4/61      AC: 10    Str: 22      XL:     7   Next: 27%
Magic:  6/6        EV:  5    Int:  5      God:
Gold:   288        SH: 10    Dex:  9 (10) Spells: 6/6 levels left

rFire    . . .     SeeInvis .   a - +1 war axe
rCold    . . .     Gourm    .   c - +1 kite shield
rNeg     . . .     Faith    .   h - +0 chain mail
rPois    .         Spirit   .   (helmet restricted)
rElec    .         Reflect  .   n - +0 cloak
rCorr    .         Harm     .   (no gloves)
MR       .....                  (no boots)
Stlth    ..........             k - amulet of the acrobat
HPRegen  0.20/turn              (no ring)
MPRegen  0.10/turn              (no ring)

@: heavily drained
A: retaliatory headbutt, horns 2
a: no special abilities


You were on level 5 of the Dungeon.
You were not hungry.

You visited 1 branch of the dungeon, and saw 5 of its levels.

You collected 288 gold pieces.

Inventory:

Hand Weapons
 a - a +1 war axe (weapon)
 b - a +0 war axe
Armour
 c - a +1 kite shield (worn)
 h - a +0 chain mail (worn)
 n - a +0 cloak (worn)
Jewellery
 k - an amulet of the acrobat (around neck)
Wands
 q - a wand of acid (9)
Scrolls
 l - 2 scrolls of enchant armour
 o - a scroll of enchant weapon
 r - a scroll of identify
 t - 3 scrolls of teleportation
 w - a scroll of random uselessness {unknown}
 x - a scroll of remove curse
 z - 3 scrolls of blinking
Potions
 d - 5 potions of might
 f - a potion of lignification
 i - a potion of curing {unknown}
 j - a potion of degeneration {unknown}
 m - 2 potions of flight
 p - a potion of heal wounds {unknown}
 s - a potion of haste {unknown}
 u - a potion of brilliance {unknown}
 v - a potion of mutation {unknown}
 y - a potion of invisibility {unknown}
 A - a potion of resistance {unknown}
Comestibles
 e - 7 rations
 g - 2 chunks of flesh


   Skills:
 + Level 5.1(3.3) Fighting
 + Level 6.4(4.5) Axes
 + Level 5.7(3.8) Armour
 + Level 5.8(3.9) Shields


You had 6 spell levels left.
You didn't know any spells.
Your spell library was empty.

Dungeon Overview and Level Annotations

Branches:
Dungeon (5/15)
 Temple: D:4-7

Altars:
Fedhas
Sif Muna
Vehumet
Yredelemnul


Innate Abilities, Weirdness & Mutations

You reflexively headbutt those who attack you in melee.
You have a pair of horns on your head.


Message History

The sky beast flickers out of sight!
Deactivating autopickup; reactivate with Ctrl-A.
Something hits you but does no damage.
You slash something! Something hits you.
* * * LOW HITPOINT WARNING * * *
Something shocks you.
* * * LOW HITPOINT WARNING * * *
You block something's attack.
A sky beast appears from thin air!
Reactivating autopickup.
You block the sky beast's attack.
You miss the sky beast.
The sky beast is almost dead.
The sky beast hits you but does no damage.
You closely miss the sky beast.
The sky beast is almost dead.
The sky beast hits you.
* * * LOW HITPOINT WARNING * * *
The sky beast shocks you.
You die...

#............ .
+.....>...... .#
#......$#### #..........#
##+###.....# #.....#
#.....# #Y....# #@....#
.# #.....#### # .#
#......... .#+ ##.# ####
#......... ..###..#
#..###..!......
#.....###.#.)............
...)#.....#..............
...)...# #..............
..)#...####.%(......#####


You could see a sky beast.

Vanquished Creatures
  A centaur (D:5)
  2 crimson imps
  A quasit (D:5)
  The ghost of IHuginn the Ducker, a weakling FeFi (D:3)
  2 hounds (D:4)
  Natasha (thrice) (D:3)
  2 orc wizards
  3 gnolls (D:4)
  9 adders
  An ooze (D:3)
  3 worms
  A dart slug (D:1)
  2 leopard geckos (D:1)
  21 orcs
  2 ball pythons
  7 bats
  4 giant cockroaches
  6 goblins
  6 hobgoblins
  6 jackals
  9 kobolds
  3 quokkas
  7 frilled lizards
  A quokka skeleton (D:5)
  18 rats
121 creatures vanquished.

Notes
Turn   | Place    | Note
-------+----------+-------------------------------------------
     0 | D:1      | Dirian the Minotaur Fighter began the quest for the Orb.
     0 | D:1      | Reached XP level 1. HP: 19/19 MP: 0/0
   199 | D:1      | Reached XP level 2. HP: 22/27 MP: 1/1
   887 | D:1      | Reached XP level 3. HP: 33/33 MP: 2/2
   964 | D:2      | Found a radiant altar of Vehumet.
  1133 | D:2      | Reached skill level 3 in Axes
  1187 | D:2      | Reached XP level 4. HP: 34/40 MP: 3/3
  1516 | D:2      | Reached skill level 4 in Axes
  1943 | D:3      | Reached XP level 5. HP: 47/47 MP: 4/4
  2511 | D:3      | Found a large runed translucent door.
  2512 | D:3      | Found a large runed translucent door.
  2515 | D:3      | Noticed Natasha
  2526 | D:3      | Killed Natasha
  2604 | D:3      | Noticed Natasha
  2611 | D:3      | Killed Natasha
  2710 | D:3      | Noticed IHuginn's ghost (weakling FeFi)
  2738 | D:3      | Reached skill level 5 in Axes
  2738 | D:3      | Reached skill level 5 in Shields
  2784 | D:3      | Noticed Natasha
  2797 | D:3      | Killed Natasha
  2797 | D:3      | Reached XP level 6. HP: 24/53 MP: 5/5
  3122 | D:3      | Killed IHuginn's ghost
  3122 | D:3      | Reached skill level 5 in Armour
  3711 | D:4      | Found a blossoming altar of Fedhas.
  3786 | D:4      | Found a shimmering blue altar of Sif Muna.
  4071 | D:5      | Entered Level 5 of the Dungeon
  4092 | D:5      | Found a basalt altar of Yredelemnul.
  4106 | D:5      | Reached skill level 5 in Fighting
  4106 | D:5      | Reached skill level 6 in Axes
  4269 | D:5      | Reached XP level 7. HP: 59/61 MP: 6/6
  4440 | D:5      | HP: 1/61 [something (6)]
  4449 | D:5      | HP: 1/61 [sky beast (2)]
  4449 | D:5      | Slain by a sky beast

Illustrated notes

Levels and vault maps discovered:
D:1:      dpeg_arrival_more_subterranean_lakeside_camping, layout_loops_corners
D:2:      layout_basic, vehumet_crystals
D:3:      layout_rooms, ebering_ghost_disaster_area, wad_orctagon, uniq_natasha
D:4:      layout_basic, fedhas_altar_1, kennysheep_mini
D:5:      layout_basic, nicolae_overflow_hidden_temple, first_ration,
          nemelex_spade_bored_becter

Skill      XL: |  1  2  3  4  5  6 |
---------------+-------------------+-----
Armour         | 4 5 |  5.7
Shields        | 4 5 |  5.8
Fighting       | 4 5 |  5.1
Axes           | 3 4 5 6 |  6.4

Action                   |  1- 3 |  4- 6 |  7- 9 || total
-------------------------+-------+-------+-------++-------
Melee: War axe           |    96 |   231 |    53 ||   380
       Headbutt          |    11 |    30 |     3 ||    44
  Use: Scroll            |       |    13 |       ||    13
  Eat: Chunk             |     1 |    10 |     1 ||    12
Armor: Scale mail        |    47 |    72 |       ||   119
       Chain mail        |       |    65 |    21 ||    86
Dodge: Dodged            |    33 |    71 |    13 ||   117
Block: Kite shield       |    54 |   146 |    32 ||   232
